 Dungeon Crawl Stone Soup version 0.16.1-11-g651b585 (webtiles) character file.

105 Harvey99999 the Skirmisher (level 4, -6/37 HPs)
             Began as a Demonspawn Fighter on Apr 2, 2015.
             Was an Initiate of Ru.
             Mangled by Sigmund
             ... wielding a +0 scythe
              (8 damage)
             ... on level 2 of the Dungeon.
             The game lasted 00:08:38 (1297 turns).

Harvey99999 the Skirmisher (Demonspawn Fighter)     Turns: 1297, Time: 00:08:38

Health: -6/37      AC:  6    Str: 17    XL:     4   Next: 54%
Magic:  4/4        EV:  7    Int: 10    God:    Ru [......]
Gold:   72         SH:  9    Dex: 12    Spells: 0 memorised, 3 levels left

rFire  + . .     SeeInvis .     a - +0 long sword
rCold  . . .     Clarity  .     b - +0 scale mail
rNeg   . . .     SustAb   .     c - +0 shield
rPois  .         Gourm    .     (no helmet)
rElec  .         Spirit   .     (no cloak)
rCorr  .         Warding  .     (no gloves)
rMut   .         Stasis   .     (no boots)
MR     .....                    m - amulet of rage
Stlth  ..........               (no ring)
                                (no ring)

@: exhausted, slowed, very slow, not resistant to hostile enchantments,
extremely unstealthy
A: claws 1, fire resistance 1, flame cloud immunity
a: Renounce Religion, Evoke Berserk Rage


You were on level 2 of the Dungeon.
You worshipped Ru.
Ru was noncommittal.
You were hungry.

You visited 1 branch of the dungeon, and saw 2 of its levels.

You collected 72 gold pieces.

Inventory:

Hand weapons
 a - a +0 long sword (weapon)
Missiles
 l - 23 arrows of flame
Armour
 b - a +0 scale mail (worn)
 c - a +0 shield (worn)
Jewellery
 m - an amulet of rage (around neck)
Scrolls
 n - a scroll of blinking {unknown}
 q - a scroll of fear {unknown}
 s - a scroll of teleportation {unknown}
Potions
 e - 2 potions of might
 f - a potion of restore abilities {unknown}
 o - 2 potions of ambrosia {unknown}
 p - a potion of heal wounds {unknown}
 t - 2 potions of invisibility {unknown}
Books
 r - a book of Control

   Spells                             Type                      Level
   a - Control Teleport               Charms/Translocation         4
   b - Control Undead                 Necromancy                   4
   c - Enslavement                    Hexes                        4
   d - Metabolic Englaciation         Hexes/Ice                    5
   e - Mass Confusion                 Hexes                        6
Comestibles
 d - a bread ration
 g - a royal jelly
 i - 2 fruits
 k - 3 meat rations


   Skills:
 + Level 3.8 Fighting
 + Level 2.2 Long Blades
 + Level 3.4 Armour
 + Level 1.0 Dodging
 + Level 3.2 Shields


You had 3 spell levels left.
You didn't know any spells.

Dungeon Overview and Level Annotations

Branches:
Dungeon (2/15)

Altars:
Ru

Annotations:
D:2 Sigmund


Innate Abilities, Weirdness & Mutations

You have sharp fingernails.
Your flesh is heat resistant.
You are immune to clouds of flame.


Message History

You are exhausted.
You feel yourself slow down.
You are feeling hungry.
Something hits you but does no damage.
You feel sick. Something hits you.
* * * LOW HITPOINT WARNING * * *
Drink which item? (? for menu, Esc to quit)
You feel better. The rat closely misses you. Something hits you!
* * * LOW HITPOINT WARNING * * *
You block the rat's attack.
Drink which item? (? for menu, Esc to quit)
Okay, then.
You closely miss the rat. You block its attack.
The rat bites you but does no damage. You block the rat's attack.
You hit the rat.
You kill the rat!
Something hits you.
* * * LOW HITPOINT WARNING * * *
Something hits you!
You die...

#... ###. #.
##.
#############
#..
#.....$......
#..
#.............
#..
#.............
#..
#..@†#####....
#.. #......#
#.) ###.(....#
##..
#.'..####♣
##...
#.#......#
##..##
#.#..(..)#
#..##
#.#....###
#.## #.#......
### #.#.......


There were no monsters in sight!

Vanquished Creatures
  Jessica (D:2)
  6 adders (D:2)
  A giant mite (D:2)
  A giant gecko (D:2)
  2 oozes (D:2)
  3 goblins
  2 hobgoblins
  A kobold (D:1)
  3 bats (D:2)
  2 giant cockroaches
  A giant newt (D:2)
  6 rats
29 creatures vanquished.

Notes
Turn   | Place    | Note
--------------------------------------------------------------
     0 | D:1      | Harvey99999, the Demonspawn Fighter, began the quest for the Orb.
     0 | D:1      | Reached XP level 1. HP: 18/18 MP: 1/1
   561 | D:2      | Gained mutation: Your flesh is heat resistant. [demonic ancestry]
   561 | D:2      | Reached XP level 2. HP: 22/24 MP: 2/2
   635 | D:2      | Noticed Jessica
   645 | D:2      | Killed Jessica
   645 | D:2      | Gained mutation: You have sharp fingernails. [demonic ancestry]
   645 | D:2      | Reached XP level 3. HP: 20/29 MP: 3/3
   857 | D:2      | Found a sacrificial altar of Ru.
   878 | D:2      | Became a worshipper of Ru the Awakened
   947 | D:2      | Gained mutation: You are immune to clouds of flame. [demonic ancestry]
   947 | D:2      | Reached XP level 4. HP: 36/36 MP: 4/4
  1078 | D:2      | Reached skill level 1 in Dodging
  1273 | D:2      | Noticed Sigmund
  1297 | D:2      | Mangled by Sigmund

Action                   |  1- 3 |  4- 6 || total
-------------------------+-------+-------++-------
Melee: Long sword        |   101 |    26 ||   127
 Abil: Evoke Berserk Rag |       |     2 ||     2
  Use: Potion            |     1 |     2 ||     3
       Scroll            |     1 |       ||     1
  Eat: Chunk             |       |     2 ||     2
